 Dungeon Crawl Stone Soup version 0.27-a0-1325-g58a489ad9e (webtiles) character file.

Game seed: 17255328836554591730

6625 lunkers the Fighter (level 11, -2/124 HPs)
             Began as an Ogre Berserker on June 24, 2021.
             Was an Elder of Trog.
             Slain by a wraith (4 damage)
             ... on level 10 of the Dungeon.
             The game lasted 00:18:56 (11288 turns).

lunkers the Fighter (Ogre Berserker)               Turns: 11288, Time: 00:18:57

Health: -2/124     AC:  9    Str: 26    XL:     11   Next: 2%
Magic:  11/11      EV: 14    Int:  8    God:    Trog [****..]
Gold:   516        SH:  0    Dex: 14    Spells: 10/10 levels left

rFire    . . .     SeeInvis .   x - +0 giant spiked club
rCold    . . .     Faith    .   (shield currently unavailable)
rNeg     . . .     Spirit   .   T - +0 acid dragon scales
rPois    .         Reflect  .   (helmet restricted)
rElec    .         Harm     .   n - +1 cloak
rCorr    +         Rampage  .   (gloves unavailable)
Will     +....                  (boots unavailable)
Stlth    +.........             (no amulet)
HPRegen  0.30/turn              w - +4 ring of evasion
MPRegen  0.12/turn              D - +6 ring of dexterity

@: about to teleport, on berserk cooldown, slowed, very slow
A: large, unfitting armour, tough skin 1
a: Renounce Religion, Berserk, Trog's Hand, Brothers in Arms


You were on level 10 of the Dungeon.
You worshipped Trog.
Trog was greatly pleased with you.
You visited 1 branch of the dungeon, and saw 10 of its levels.

You collected 516 gold pieces.

Inventory:

Hand Weapons
 a - a +0 mace
 v - a +0 flail
 x - a +0 giant spiked club (weapon)
 N - the +5 arbalest "Coasyl" {vorpal, rF++}
   (You found it on level 9 of the Dungeon)

   Any bolt fired from it inflicts extra damage.
   It greatly protects you from fire.
Missiles
 c - 97 stones
 l - 6 boomerangs of dispersal
 u - 5 boomerangs
 z - 8 javelins
 K - 32 poisoned darts
Armour
 n - a +1 cloak (worn)
 T - +0 acid dragon scales (worn)
Jewellery
 s - a ring of resist corrosion
 w - a +4 ring of evasion (left hand)
 D - a +6 ring of dexterity (right hand)
 H - a ring of fire
 O - a +6 ring of strength
Wands
 q - a wand of flame (2)
 B - a wand of acid (27)
 C - a wand of polymorph (23)
 I - a wand of digging (8)
Scrolls
 b - 4 scrolls of identify
 d - 2 scrolls of magic mapping {unknown}
 f - a scroll of noise {unknown}
 g - a scroll of acquirement {unknown}
 i - 2 scrolls of fog {unknown}
 m - a scroll of amnesia {unknown}
 p - 2 scrolls of teleportation
 r - a scroll of holy word {unknown}
 y - a scroll of immolation {unknown}
 A - a scroll of torment {unknown}
 F - a scroll of enchant weapon {unknown}
 Q - a scroll of blinking {unknown}
 R - a scroll of enchant armour {unknown}
 S - a scroll of vulnerability {unknown}
Potions
 e - 3 potions of heal wounds
 h - 4 potions of degeneration
 k - 2 potions of mutation
 o - 4 potions of curing
 t - a potion of magic
 E - 2 potions of might
 G - a potion of brilliance
 J - 2 potions of lignification
 M - a potion of attraction
 P - a potion of invisibility


   Skills:
 + Level 12.6 Fighting
 * Level 12.3 Maces & Flails
 - Level 2.6 Dodging


You had 10 spell levels left.
You didn't know any spells.
Your spell library was empty.

Dungeon Overview and Level Annotations

Branches:
Dungeon (10/15)            Temple (0/1) D:7             Orc (0/2) D:9
   Lair: D:8-11

Altars:
Fedhas
Gozag
Kikubaaqudgha
Nemelex Xobeh
Okawaru
Ru
Uskayaw
Wu Jian
Zin

Shops:
D:5 ?


Innate Abilities, Weirdness & Mutations

You are too large for most types of armour.
You have tough skin. (AC +1)


Message History

You sock the orc warrior!
The orc warrior is severely wounded.
The orc completely misses you.
The orc warrior hits you with a +0 glaive!
* * * LOW HITPOINT WARNING * * *
Unknown command.
You barely miss the orc warrior.
The orc warrior is severely wounded.
The orc misses you.
Unknown command.
You hit the orc warrior.
The orc warrior is severely wounded.
The orc warrior hits you with a +0 glaive!
* * * LOW HITPOINT WARNING * * *
You bludgeon the orc warrior!!
You kill the orc warrior!
Trog accepts your kill. The orc hits you with a +0 trident.
* * * LOW HITPOINT WARNING * * *
You closely miss the orc.
You are no longer berserk.
Trog's vigour flows through your veins.
You are exhausted.
You feel yourself slow down. The orc barely misses you.
You barely miss the orc. The orc hits you with a +0 trident.
* * * LOW HITPOINT WARNING * * *
The orc hits you but does no damage.
You puncture the orc!
You kill the orc!
Trog accepts your kill.
A wraith comes into view.
The wraith hits you!
* * * LOW HITPOINT WARNING * * *
The wraith drains your vigour!
You feel as though you will be slow longer.
As you read the scroll of teleportation, it crumbles to dust.
You feel strangely unstable.
The sentinel's mark upon you fades away.
The wraith hits you.
You die...

#....P#..#
..P.P.P.P....#..#
........PPP....?.#
.P...PP.......)).######
...P..P.P.. #).?.....
....P.....# ###.)......
..........###..........
...##.....#...#........
..........#@###........
####.....W.####....#..
#...[..#.....#### .
#....(....####
#.............
####......#######
...........#
.#######[).######
.......[....[..####


You could see a wraith.

Vanquished Creatures
  A komodo dragon (D:10)
  A troll (D:10)
  Prince Ribbit (D:8)
  9 yaks
  A vampire (D:9)
  Menkaure (D:4)
  An acid dragon (D:9)
  2 water moccasins
  6 orc warriors
  3 black bears
  2 sky beasts (D:6)
  A necrophage (D:6)
  An ogre (D:4)
  5 centaurs
  A phantom (D:5)
  2 kobold brigands
  3 bullfrogs
  4 scorpions (D:6)
  6 killer bees (D:7)
  5 wights (D:8)
  7 howler monkeys
  3 centaur zombies
  A gnoll shaman (D:7)
  A hound (D:5)
  A jelly (D:6)
  9 orc priests
  2 bullfrog skeletons (D:7)
  5 centaur skeletons
  3 iguanas
  Jessica (D:2)
  4 orc wizards
  2 killer bee zombies
  Robin (D:3)
  A howler monkey zombie (D:7)
  5 gnolls (D:7)
  A howler monkey skeleton (D:7)
  5 adders
  A shadow imp (D:6)
  2 white imps
  2 ufetubi
  A worm (D:2)
  2 dart slugs
  22 orcs
  A bat (D:1)
  4 endoplasms
  2 giant cockroaches (D:2)
  19 goblins
  8 hobgoblins
  6 jackals (D:3)
  3 quokkas
  4 ball pythons
  A frilled lizard (D:2)
  15 kobolds
  2 rats
203 creatures vanquished.

Vanquished Creatures (others)
  2 fungi (D:10)
  3 plants (D:10)
5 creatures vanquished.

Grand Total: 208 creatures vanquished

Notes
Turn   | Place    | Note
-------+----------+-------------------------------------------
     0 | D:1      | lunkers the Ogre Berserker began the quest for the Orb.
     0 | D:1      | Reached XP level 1. HP: 24/24 MP: 1/1
   233 | D:1      | Reached XP level 2. HP: 32/32 MP: 2/2
   279 | D:1      | You fall into a shaft and drop 1 floor!
   433 | D:1      | Found a faded altar of an unknown god.
  1018 | D:2      | Reached XP level 3. HP: 40/40 MP: 3/3
  1627 | D:2      | Noticed Jessica
  1636 | D:2      | Killed Jessica
  1637 | D:2      | Reached XP level 4. HP: 34/49 MP: 4/4
  2419 | D:3      | Reached ** piety under Trog
  2420 | D:3      | Reached skill level 5 in Fighting
  2753 | D:3      | Found an ancient bone altar of Kikubaaqudgha.
  2861 | D:3      | Noticed Robin
  2876 | D:3      | Killed Robin
  2990 | D:3      | Reached XP level 5. HP: 56/57 MP: 5/5
  3361 | D:4      | Found a hide-covered altar of Uskayaw.
  3408 | D:4      | Noticed an ogre
  3420 | D:4      | Killed an ogre
  3421 | D:4      | Reached skill level 5 in Maces & Flails
  3421 | D:4      | Reached XP level 6. HP: 67/67 MP: 6/6
  3469 | D:4      | Noticed Menkaure
  3473 | D:4      | Killed Menkaure
  3545 | D:4      | Reached *** piety under Trog
  3682 | D:4      | Found a sparkling altar of Nemelex Xobeh.
  3744 | D:4      | Reached XP level 7. HP: 76/76 MP: 7/7
  4099 | D:5      | Entered Level 5 of the Dungeon
  4688 | D:5      | Found an opulent altar of Gozag.
  4740 | D:5      | Found a blossoming altar of Fedhas.
  4765 | D:5      | Reached XP level 8. HP: 77/88 MP: 8/8
  4897 | D:5      | Found Ycuas's Magic Scroll Shop.
  5033 | D:5      | Found an ornate altar of the Wu Jian Council.
  5974 | D:6      | Found a sacrificial altar of Ru.
  6209 | D:6      | Reached XP level 9. HP: 98/98 MP: 9/9
  6492 | D:7      | Reached **** piety under Trog
  6746 | D:7      | Found a staircase to the Ecumenical Temple.
  6848 | D:7      | Reached skill level 10 in Fighting
  7678 | D:7      | Reached skill level 10 in Maces & Flails
  8190 | D:8      | Noticed Prince Ribbit
  8195 | D:8      | Killed Prince Ribbit
  8535 | D:8      | Reached XP level 10. HP: 76/104 MP: 10/10
  9323 | D:9      | Identified the +10 great sword "Lubbuy Otis" {vorpal, rF-
                  | Str+2 Dex+4}
  9589 | D:9      | Found a staircase to the Orcish Mines.
  9611 | D:9      | Identified the +5 arbalest "Coasyl" {vorpal, rF++}
 10268 | D:9      | Found a glowing silver altar of Zin.
 10436 | D:10     | Entered Level 10 of the Dungeon
 10993 | D:10     | Found an iron altar of Okawaru.
 11273 | D:10     | Reached XP level 11. HP: 61/124 MP: 11/11
 11287 | D:10     | HP: 1/124 [wraith (8)]
 11288 | D:10     | Slain by a wraith

Illustrated notes

Levels and vault maps discovered:
D:1:      minmay_arrival_plants_in_alcoves, layout_loops_cross,
          shapermc_ecumenical_altar_flowoftime
D:2:      layout_basic, uniq_jessica
D:3:      layout_rooms, amcnicky_altar_gilded, uniq_robin
D:4:      wad_pebble_path, layout_basic, nemelex_xobeh_ov_fountains_minmay,
          nicolae_overflow_crystal_walls, chequers_serial_rivers_room_b,
          due_unseen_surprise, uniq_menkaure
D:5:      layout_rooms, nicolae_overflow_hidden_temple, fedhas_altar_3,
          pdpol_wu_jian_five_deadly_venoms, serial_shops, shop,
          minmay_hedge_maze, chequers_garden, minivault_14, amethyst_killhole,
          kennysheep_diamond
D:6:      layout_loops_corners, kennysheep_little_box
D:7:      layout_loops_ring, minmay_temple_entry_junction_2
D:8:      layout_loops_ring, grunt_decor_mini_mirrors, uniq_prince_ribbit1
D:9:      layout_rooms, marbit_many_paths, david_orc_3, minmay_holes
D:10:     layout_rooms, kennysheep_okawaru_gauntlet, lemuel_doored_altar,
          grunt_lair_entry_orc_guard_hut, serial_shops,
          nicolae_shop_behind_doors, nicolae_shop_firing_range

Skill      XL: |  1  2  3  4  5  6  7  8  9 10 |
---------------+-------------------------------+-----
Maces & Flails | 3 4 5 7 8 10 12 | 12.3
Fighting       | 5 6 7 9 10 12 | 12.6
Dodging        | |  2.6

Action                   |  1- 3 |  4- 6 |  7- 9 | 10-12 || total
-------------------------+-------+-------+-------+-------++-------
Melee: Mace              |    78 |    80 |       |       ||   158
       Flail             |       |    39 |       |       ||    39
       Giant spiked club |       |    15 |   267 |   155 ||   437
Invok: Berserk           |     2 |     6 |    11 |    10 ||    29
       Trog's Hand       |       |       |       |     1 ||     1
  Use: Scroll            |       |       |       |    12 ||    12
Armor: Animal skin       |    19 |    51 |   101 |    21 ||   192
       Acid dragon scale |       |       |       |    27 ||    27
Dodge: Dodged            |    39 |    71 |   317 |   178 ||   605

Table legend: (Time is in decaauts)
 A = Elapsed time spent in this place.
 B = Non-inter-level travel time spent in this place.
 C = Inter-level travel time spent in this place.
 D = Time resting spent in this place.
 E = Time spent auto-exploring this place.
 F = Levels seen in this place.
 G = Mean time per level.
                   A        B        C        D        E       F      G
               +--------+--------+--------+--------+--------+-----+--------+
         Total |  11700 |  11343 |    357 |   1523 |   8215 |  10 | 1170.0 |
       Dungeon |  11700 |  11343 |    357 |   1523 |   8215 |  10 | 1170.0 |
               +--------+--------+--------+--------+--------+-----+--------+

Top non-repeatable levels by time:
     D:9: 2326 daAuts
     D:7: 1653 daAuts
     D:2: 1483 daAuts
     D:6: 1158 daAuts
     D:5: 1087 daAuts
     D:8: 1019 daAuts
     D:3: 992 daAuts
     D:1: 973 daAuts
     D:4: 781 daAuts
    D:10: 223 daAuts
